 Dungeon Crawl Stone Soup version 0.22-a0-389-g8519d86 (webtiles) character file.

3217 Kairos the Cleaver (level 9, 0/46 HPs)
             Began as a Vine Stalker Fighter on Apr 30, 2018.
             Killed from afar by a wretched star (10 damage)
             ... with an orb of energy
             ... on level 2 of the Abyss.
             The game lasted 00:14:35 (6543 turns).

Kairos the Cleaver (Vine Stalker Fighter)           Turns: 6543, Time: 00:14:36

Health: 0/46       AC: 11    Str: 28    XL:     9   Next: 97%
Magic:  0/10       EV: 10    Int:  8    God:
Gold:   292        SH: 18    Dex: 16    Spells: 8/8 levels left

rFire    . . .     SeeInvis .   a - +0 war axe
rCold    . . .     Gourm    .   c - +0 shield
rNeg     . . .     Faith    .   b - +0 scale mail
rPois    .         Spirit   +   (no helmet)
rElec    .         Reflect  +   (no cloak)
rCorr    .         Harm     .   B - +0 pair of gloves
MR       +....     Rnd*Rage +   j - +0 pair of boots
Stlth    +.........             h - +6 amulet of reflection
HPRegen  0.55/turn              s - +1 ring of protection
MPRegen  0.12/turn              x - +3 ring of dexterity

@: mighty
A: fangs 3, berserk 1, regeneration 1, magic shield, antimagic bite, no potion
heal 3, rot immunity
a: no special abilities


You were on level 2 of the Abyss.
You were not hungry.

You visited 2 branches of the dungeon, and saw 9 of its levels.
You visited the Abyss 1 time.

You collected 337 gold pieces.
You spent 45 gold pieces at shops.

Inventory:

Hand Weapons
 a - a +0 war axe (weapon)
 C - a +1 mace of protection
Missiles
 e - 2 tomahawks of returning (quivered)
Armour
 b - a +0 scale mail (worn)
 c - a +0 shield (worn)
 j - a +0 pair of boots (worn)
 B - a +0 pair of gloves (worn)
Jewellery
 h - a +6 amulet of reflection (around neck)
 s - a +1 ring of protection (left hand)
 v - an uncursed amulet of harm
 x - a +3 ring of dexterity (right hand)
Wands
 m - a wand of iceblast (10)
Scrolls
 o - 2 scrolls of magic mapping
 u - 2 scrolls of blinking
 y - a scroll of fog
 z - 2 scrolls of enchant weapon {unknown}
 A - 4 scrolls of remove curse
 D - a scroll of enchant armour {unknown}
 E - a scroll of amnesia {unknown}
Potions
 d - a potion of might
 g - 3 potions of haste
 i - 4 potions of curing
 k - a potion of degeneration {unknown}
 l - 2 potions of agility
 n - 2 potions of brilliance {unknown}
 p - 2 potions of cancellation {unknown}
 q - 3 potions of flight
 r - 2 potions of lignification
 w - a potion of magic
Comestibles
 f - 9 rations


   Skills:
 + Level 4.5 Fighting
 + Level 8.0 Axes
 + Level 5.6 Armour
 + Level 2.7 Dodging
 + Level 1.5 Stealth
 + Level 6.6 Shields


You had 8 spell levels left.
You didn't know any spells.

Dungeon Overview and Level Annotations

Branches:
Dungeon (8/15)             Temple (1/1) D:7
   Lair: D:8-11

Altars:
Ashenzari
Cheibriados
Dithmenos
Elyvilon
Fedhas
Gozag
Hepliaklqana
Kikubaaqudgha
Makhleb
Nemelex Xobeh
Qazlal
Ru
Sif Muna
Trog
Uskayaw
Vehumet
Wu Jian
Xom
Yredelemnul
Zin
The Shining One

Shops:
D:6 !}   D:7 [   D:8 (!

Annotations:
D:8 Psyche


Innate Abilities, Weirdness & Mutations

You have razor-sharp teeth.
Your natural rate of healing is unusually fast.
When hurt, damage is shared between your health and your magic reserves.
Your bite disrupts and absorbs the magic of your enemies.
Potions cannot restore your health.
You are immune to rotting.
You tend to lose your temper in combat.


Message History

The orb of energy hits the iron imp.
The iron imp dies!
The orb of energy explodes!
The mystic blast hits you!
* * * LOW HITPOINT WARNING * * *
The kobold demonologist hits you with a dagger.
* * * LOW HITPOINT WARNING * * *
The kobold demonologist looks encouraged for a moment.
A kobold comes into view. It is wielding a club.
The kobold shouts!
You hit the kobold demonologist. You bite the kobold demonologist!
The kobold demonologist's magic leaks into the air.
You drain its magic.
You feel invigorated.
The kobold demonologist is severely wounded.
The iron imp spits at you.
The kobold moves out of view.
The wretched star glows turbulently.
The orb of energy hits the ufetubus.
The ufetubus dies!
The orb of energy explodes!
The mystic blast hits you!
You die...

#..# ##. #. ## #
..#... # ..# #.#.
#( .... .. .. . #
### .#..# ..#####
# .. . ##
#..##... #K ...#
.
##.###..###5K##.#
##..
##.......KK##..#
# #.# # ..##@.# #
.. #. .##...*..#
....
........#....##
## .###
.....#.#.... #
#......#.#.#### #
#.........#.
...... .#. ..
#### ## . ###


You could see a wretched star, 2 kobold demonologists, a big kobold and an iron
imp.

Vanquished Creatures
  The ghost of Kairos the Chopper, a novice VSFi (D:4)
  2 hippogriffs
  A ynoxinul (Abyss:2)
  A water moccasin (D:7)
  An orc warrior (D:6)
  3 black bears
  A sky beast (D:7)
  2 ogres
  2 phantoms (D:6)
  2 centaurs
  3 bullfrogs
  A scorpion (D:5)
  4 crimson imps
  3 orc priests
  2 hounds
  2 jellies (D:7)
  5 orc wizards
  A bullfrog skeleton (D:4)
  Natasha (twice) (D:2)
  2 iguanas
  7 worker ants
  A killer bee zombie (D:8)
  A hound zombie (D:3)
  A hound skeleton (D:6)
  A worker ant zombie (D:3)
  7 gnolls
  10 adders
  An ooze (D:4)
  2 adder zombies
  2 adder skeletons
  A worm (D:4)
  3 dart slugs
  3 leopard geckos
  14 orcs
  3 ball pythons
  9 bats
  4 giant cockroaches
  8 goblins
  7 hobgoblins
  13 jackals
  7 kobolds
  5 quokkas
  5 frilled lizards
  A jackal skeleton (D:5)
  A quokka skeleton (D:5)
  6 rats
164 creatures vanquished.

Vanquished Creatures (others)
  A centaur (D:7)
1 creature vanquished.

Grand Total: 165 creatures vanquished

Notes
Turn   | Place    | Note
-------+----------+-------------------------------------------
     0 | D:1      | Kairos the Vine Stalker Fighter began the quest for the Orb.
     0 | D:1      | Reached XP level 1. HP: 11/11 MP: 2/2
    41 | D:1      | Reached XP level 2. HP: 13/16 MP: 3/3
   114 | D:1      | Reached skill level 2 in Axes
   168 | D:1      | Reached XP level 3. HP: 17/19 MP: 4/4
   953 | D:2      | Gained mutation: Your natural rate of healing is unusually fast. [Vine Stalker growth]
   953 | D:2      | Reached XP level 4. HP: 21/23 MP: 5/5
   971 | D:2      | Noticed Natasha
   983 | D:2      | Killed Natasha
  1080 | D:2      | Reached skill level 3 in Axes
  1204 | D:2      | Noticed Natasha
  1213 | D:2      | Killed Natasha
  1213 | D:2      | Reached XP level 5. HP: 23/28 MP: 4/6
  1731 | D:3      | Noticed an ogre
  1744 | D:3      | Killed an ogre
  1744 | D:3      | Reached XP level 6. HP: 23/32 MP: 7/7
  2014 | D:3      | Reached skill level 4 in Axes
  2116 | D:3      | Found a sparkling altar of Nemelex Xobeh.
  2718 | D:4      | Reached XP level 7. HP: 31/36 MP: 5/8
  2757 | D:4      | Noticed Kairos's ghost (novice VSFi)
  2801 | D:4      | Killed Kairos's ghost
  2801 | D:4      | Reached skill level 5 in Axes
  2801 | D:4      | Reached skill level 1 in Dodging
  3452 | D:5      | Entered Level 5 of the Dungeon
  3546 | D:5      | Gained mutation: You have razor-sharp teeth. [Vine Stalker growth]
  3546 | D:5      | Reached XP level 8. HP: 33/40 MP: 6/9
  4227 | D:6      | Found Osee's Gadget Shoppe.
  4267 | D:6      | Reached skill level 6 in Axes
  4423 | D:6      | Reached skill level 5 in Shields
  4507 | D:6      | Found Tidolat's Distillery.
  4532 | D:6      | Found a bloodstained altar of Trog.
  4549 | D:6      | Reached skill level 5 in Armour
  4619 | D:6      | Reached XP level 9. HP: 45/45 MP: 10/10
  4687 | D:6      | Found a basalt altar of Yredelemnul.
  4794 | D:6      | Found Laecam's Gadget Shoppe.
  4872 | D:6      | Bought a potion of lignification for 45 gold pieces
  5037 | D:7      | Reached skill level 7 in Axes
  5045 | D:7      | Found a sparkling altar of Nemelex Xobeh.
  5463 | D:7      | Found a staircase to the Ecumenical Temple.
  5559 | Temple   | Entered the Ecumenical Temple
  5703 | D:7      | Found Rabae's Armour Shoppe.
  6158 | D:8      | Found Zoiriaxi's Distillery.
  6167 | D:8      | Reached skill level 1 in Stealth
  6229 | D:8      | Noticed Psyche
  6250 | D:8      | Found Ryleme's Weapon Shop.
  6364 | D:8      | Cast into level 2 of the Abyss (Psyche)
  6415 | Abyss:2  | Noticed a starcursed mass
  6425 | Abyss:2  | Gained mutation: You tend to lose your temper in combat. [a neqoxec]
  6532 | Abyss:2  | Noticed a kobold demonologist
  6534 | Abyss:2  | Noticed a kobold demonologist
  6536 | Abyss:2  | Reached skill level 8 in Axes
  6541 | Abyss:2  | Noticed a wretched star
  6541 | Abyss:2  | Noticed a kobold demonologist
  6543 | Abyss:2  | Killed from afar by a wretched star

Vault maps used:
D:1:      lightli_arrival_chessboard, fountainhead
D:2:      uniq_natasha
D:3:      serial_undead, serial_undead_b, serial_undead_d, serial_undead_b,
          serial_undead_c, nemelex_lonely_heart_becter
D:4:      first_ration, minivault_19, minmay_misc_feat_cross
D:5:      grunt_tough_drop
D:6:      trog_ov_bears_minmay, kennysheep_mini_moat, serial_shops,
          nicolae_shop_window_shopping, kennysheep_mini, nicolae_shop_stone
D:7:      nemelex_xobeh_ov_fountains_minmay, minmay_temple_entry_trees,
          serial_shops, shop_fountains
D:8:      serial_shops, nicolae_shop_window_shopping, shop,
          nicolae_shop_window_shopping, the_bakery, makhleb_blood_cavern_becter,
          uniq_psyche
Temple:   compressed_dpeg_circular_temple

Skill      XL: |  1  2  3  4  5  6  7  8  9 |
---------------+----------------------------+-----
Axes           | 2 3 4 5 6 8 |  8.0
Shields        | 3 4 5 6 |  6.6
Armour         | 3 4 5 |  5.6
Fighting       | 3 4 |  4.5
Dodging        | 1 2 |  2.7
Stealth        | 1 |  1.5

Action                   |  1- 3 |  4- 6 |  7- 9 || total
-------------------------+-------+-------+-------++-------
Melee: War axe           |    96 |   178 |   350 ||   624
       Bite              |    36 |    36 |   137 ||   209
  Use: Scroll            |       |     5 |     7 ||    12
       Potion            |       |       |     2 ||     2
  Eat: Chunk             |       |     6 |     6 ||    12
       Ration            |       |       |     3 ||     3
Armor: Scale mail        |    35 |    52 |   109 ||   196
Dodge: Dodged            |    13 |    31 |    86 ||   130
Block: Shield            |   100 |   145 |   321 ||   566
       Reflection        |     4 |     2 |    11 ||    17

Table legend:
 A = Spawn XP
 B = Non-spawn XP
 C = Spawn XP percentage of total XP
 D = Spawn monster count
 E = Non-spawn monster count
 F = Spawn count percentage of total count
 G = Total turns spent on level
                    A         B        C        D         E        F      G
               +---------+---------+-------+---------+---------+-------+---------
         Total |     208 |    4388 |   4.5 |       1 |     164 |   0.6 |  6543
               +---------+---------+-------+---------+---------+-------+---------
           D:1 |       0 |      67 |   0.0 |       0 |      36 |   0.0 |   923
           D:2 |       0 |     173 |   0.0 |       0 |      17 |   0.0 |   697
           D:3 |       0 |     285 |   0.0 |       0 |      24 |   0.0 |   718
           D:4 |       0 |     550 |   0.0 |       0 |      17 |   0.0 |  1114
           D:5 |       0 |     478 |   0.0 |       0 |      19 |   0.0 |   715
           D:6 |       0 |    1134 |   0.0 |       0 |      24 |   0.0 |   708
           D:7 |       0 |    1010 |   0.0 |       0 |      15 |   0.0 |  1060
           D:8 |       0 |     691 |   0.0 |       0 |      12 |   0.0 |   303
       Abyss:2 |     208 |       0 | 100.0 |       1 |       0 | 100.0 |   179
               +---------+---------+-------+---------+---------+-------+---------
